cohdb
Replays
Latest Replays
All Replays
Popular Replays
Top Player Replays
Match Explorer
How It Works
Community
CoH3 Stats
Reddit
Sign in to upload your games and track your stats! →
Sign in with Steam
Match 47157411
Unlisted
Match 47157411
Overview
Messages
Build Orders
End
Panzergrenadier Squad
Selects Battlefield Espionage Battlegroup
Panzergrenadier Squad
Construct Light Support Kompanie
MG34 Team
2.5-tonne Medical Truck
MG34 Team
Selects 250/3 Funkpanzerwagen
Selects Intel Disruption Beacon
Selects 250/3 Funkpanzerwagen
Assault Grenadier Squad
Construct Mechanized Kompanie
Marder III Tank Destroyer
Mad GobliN
gdrong
Nukepapa
setana
0
0
Comments
sign in to comment!
No comments posted yet!